 Dungeon Crawl Stone Soup version 0.30.1 (webtiles) character file.

Game seed: 15918278290617386667

73 booth the Gusty (level 4, -2/33 HPs)
             Began as a Draconian Air Elementalist on July 9, 2023.
             Slain by Ijyb
             ... wielding a +0 dagger
              (4 damage)
             ... on level 3 of the Dungeon.
             The game lasted 00:13:21 (2297 turns).

booth the Gusty (Draconian Air Elementalist)        Turns: 2297, Time: 00:13:21

Health: -2/33      AC:  6    Str: 10    XL:     4   Next: 8%
Magic:  0/7        EV: 12    Int: 17    God:
Gold:   102        SH:  0    Dex: 15    Spells: 2/8 levels left

rFire   . . .        l - +1 dagger of Linearity {freeze, rPois rC- Dex+3 SInv}
rCold   x . .        (no shield)
rNeg    . . .        (body armour unavailable)
rPois   +            (helmet restricted)
rElec   .            c - +0 cloak
rCorr   .            (no gloves)
SInv    +            (no boots)
Will    .....        (no amulet)
Stlth   ++           (no ring)
HPRegen 0.25/turn    (no ring)
MPRegen 0.10/turn

%: no passive effects
@: very slightly contaminated
A: AC +5, unfitting armour, cold-blooded
a: no special abilities


You were on level 3 of the Dungeon.
You visited 1 branch of the dungeon, and saw 3 of its levels.

You collected 102 gold pieces.

Inventory:

Hand Weapons
 f - a +0 dagger
 l - the +1 dagger of Linearity (weapon) {freeze, rPois rC- Dex+3 SInv}
   (You found it on level 3 of the Dungeon)

   Dex:       It affects your dexterity (+3).
   rC:        It makes you vulnerable to cold.
   rPois:     It protects you from poison.
   SInv:      It lets you see invisible.
Missiles
 e - 12 poisoned darts
 i - 3 javelins
Armour
 c - a +0 cloak (worn)
Wands
 g - a wand of paralysis (12)
Scrolls
 b - a scroll of blinking
 k - 2 scrolls of teleportation
 m - a scroll of fog {unknown}
Potions
 a - a potion of magic
 d - a potion of curing
 h - a potion of might
 j - a potion of heal wounds


   Skills:
 + Level 2.3 Dodging
 + Level 2.4 Stealth
 + Level 2.5 Spellcasting
 + Level 1.9 Conjurations
 + Level 3.4 Air Magic


You had 2 spell levels left.
You knew the following spells:

 Your Spells              Type           Power      Damage    Failure   Level
a - Shock                 Conj/Air       44%        1d5       6%          1
b - Static Discharge      Conj/Air       22%        2-3/arc   10%         2
c - Swiftness             Air            13%        N/A       14%         3

Your spell library contained the following spells:

 Spells                   Type           Power      Damage    Failure   Level
 Airstrike                Air            6%         2d(1-17)  41%         4


Dungeon Overview and Level Annotations

Branches:
Dungeon (3/15)

Altars:

Annotations:
D:3 Ijyb


Innate Abilities, Weirdness & Mutations

Your plain brown scales are hard. (AC +5)
You cannot fit into any form of body armour.
You are cold-blooded and may be slowed by cold attacks.


Message History

You closely miss Ijyb.
Ijyb is heavily wounded.
Ijyb closely misses you.
You hit Ijyb.
Ijyb is severely wounded.
Ijyb barely misses you.
You completely miss Ijyb.
Ijyb is severely wounded.
Ijyb hits you but does no damage.
You hit Ijyb. You tail-slap Ijyb, but do no damage.
Ijyb is severely wounded.
Ijyb hits you but does no damage.
You hit Ijyb but do no damage.
Ijyb is severely wounded.
Ijyb zaps a wand.
The puff of flame hits you!
* * * LOW HITPOINT WARNING * * *
Casting: Shock (safe; 6% risk of failure)
Confirm with . or Enter, or press ? or * to list all spells.
Aiming: Shock (safe; 6% risk of failure)
Press: ? - help, Shift-Dir - straight line You miscast Shock.
You are very lightly contaminated with residual magic.
Nothing appears to happen.
Ijyb barely misses you.
You hit Ijyb but do no damage.
Ijyb is severely wounded.
Ijyb closely misses you.
Casting: Shock (safe; 6% risk of failure)
Confirm with . or Enter, or press ? or * to list all spells.
Aiming: Shock (safe; 6% risk of failure)
Press: ? - help, Shift-Dir - straight line The zap hits Ijyb but does no damage.
Ijyb is severely wounded.
The zap hits Ijyb but does no damage.
Ijyb is severely wounded.
Ijyb hits you with a +0 dagger.
* * * LOW HITPOINT WARNING * * *
You closely miss Ijyb.
Ijyb is severely wounded.
Ijyb is no longer unusually resistant.
Ijyb hits you with a +0 dagger.
You die...

...S. .... .g. ... #.#
#.# #.#########
#..g@.....# #.
#########.# #..#######
#.# ###........# #.#
#..........# #.#
###.#........#####.#
##.#.#..............#
##.............#######
##...[..........#


You could see Ijyb.

Vanquished Creatures
  3 adders (D:2)
  2 dart slugs (D:1)
  6 endoplasms
  3 goblins
  3 hobgoblins
  2 jackals (D:1)
  2 kobolds
  2 quokkas (D:1)
  6 ball pythons
  5 bats
  A frilled lizard (D:2)
  6 rats
41 creatures vanquished.

Notes
Turn   | Place    | Note
-------+----------+-------------------------------------------
     0 | D:1      | booth the Draconian Air Elementalist began the quest for
                  | the Orb.
     0 | D:1      | Reached XP level 1. HP: 14/14 MP: 3/3
   317 | D:1      | Reached XP level 2. HP: 18/20 MP: 0/5
   320 | D:1      | Learned a level 2 spell: Static Discharge
   885 | D:1      | Reached XP level 3. HP: 26/26 MP: 4/6
   889 | D:1      | Learned a level 3 spell: Swiftness
  1749 | D:2      | Reached XP level 4. HP: 31/33 MP: 1/7
  2217 | D:3      | Identified the +1 dagger of Linearity {freeze, rPois rC-
                  | Dex+3 SInv}
  2250 | D:3      | Noticed Ijyb
  2297 | D:3      | Slain by Ijyb

Illustrated notes

Levels and vault maps discovered:
D:1:      wander_arrival_desolate, layout_loops_ring, minmay_tall_x
D:2:      layout_basic
D:3:      layout_loops_ring, uniq_ijyb

Skill      XL: |  1  2 |
---------------+-------+-----
Stealth        | 2 |  2.4
Dodging        | 2 |  2.3
Spellcasting   | |  2.5
Conjurations   | |  1.9
Air Magic      | |  3.4

Action                     |  1- 3 |  4- 6 || total
---------------------------+-------+-------++-------
  Melee: Unarmed           |    27 |       ||    27
         Tailslap          |     7 |     7 ||    14
         Dagger            |    12 |    31 ||    43
   Cast: Shock             |    66 |    21 ||    87
    Use: Potion            |     2 |       ||     2
         Scroll            |     3 |     4 ||     7
 Armour: Skin              |    22 |    14 ||    36
  Dodge: Dodged            |    34 |    17 ||    51
